 Dungeon Crawl Stone Soup version 0.30-a0-691-g754fce4c43 (webtiles) character file.

Game seed: 12887003415550049262

3 kae the Insei (level 1, 0/15 HPs)
             Began as a Demonspawn Transmuter on Jan 19, 2023.
             Slain by a gnoll
             ... wielding a +0 spear
              (4 damage)
             ... on level 1 of the Dungeon.
             The game lasted 00:00:13 (113 turns).

kae the Insei (Demonspawn Transmuter)                Turns: 113, Time: 00:00:14

Health: 0/15       AC:  2    Str: 10    XL:     1   Next: 41%
Magic:  2/3        EV: 12    Int: 14    God:
Gold:   8          SH:  0    Dex: 13    Spells: 3/4 levels left

rFire   . . .      SeeInvis .      - Unarmed
rCold   . . .      Faith    .    (no shield)
rNeg    . . .      Spirit   .    a - +0 robe
rPois   .          Reflect  .    (helmet currently unavailable)
rElec   .          Harm     .    (no cloak)
rCorr   .          Rampage  .    (no gloves)
Will    .....                    (boots currently unavailable)
Stlth   +                        (no amulet)
HPRegen 0.22/turn                (no ring)
MPRegen 0.08/turn                (no ring)

@: appendages (expiring)
A: horns 2, talons 2
a: End Transformation


You were on level 1 of the Dungeon.
You had temporarily grown beastly horns and talons.
You visited 1 branch of the dungeon, and saw 1 of its levels.

You collected 8 gold pieces.


Innate Abilities, Weirdness & Mutations

You have temporarily grown beastly horns and talons.


   Skills:
 - Level 1.0 Fighting
 - Level 1.7 Dodging
 + Level 2.7 Unarmed Combat
 + Level 2.0 Spellcasting
 * Level 1.9 Transmutations


You had 3 spell levels left.
You knew the following spells:

 Your Spells              Type           Power      Damage    Failure   Level
a - Beastly Appendage     Tmut           14%        N/A       11%         1

Your spell library contained the following spells:

 Spells                   Type           Power      Damage    Failure   Level
 Wereblood                Tmut           7%         N/A       16%         2
 Call Imp                 Summ           1%         N/A       34%         2
 Spider Form              Tmut/Pois      4%         N/A       43%         3
 Ice Form                 Ice/Tmut       4%         N/A       83%         4
 Dispel Undead            Necr           1%         3d6       93%         4
 Necromutation            Tmut/Necr      2%         N/A       100%        8

Inventory:

Missiles
 c - 6 stones
Armour
 a - a +0 robe (worn)
Potions
 b - a potion of lignification {!q}
 d - a potion of mutation {unknown}

Dungeon Overview and Level Annotations

Branches:
Dungeon (1/15) Zot: 5886

Altars:

#.# #.# #.# #.# #.#
#.# #.# #.# #.#
##$# #.# #..# #.#
#.#######.
#.########g##......
#......†.@.....#
##########...#....
#...# .# #.### #..
###


You could see a gnoll.


Message History

The rat barely misses you.
You see here 8 gold pieces.
You hit the rat but do no damage. You claw the rat.
You kill the rat!
You now have 8 gold pieces.
You see here a rat corpse.
Your horns disappear.
Your talons disappear.
A goblin comes into view. It is wielding a +0 dagger.
The goblin shouts! 😎 MP[+1]
Your mp is fully restored (3).
A goblin is nearby!
The goblin hits you with a +0 dagger.
You miss the goblin. Your punch misses the goblin.
The goblin hits you with a +0 dagger.
A goblin is nearby! 😮 HP[-5]
You take 5 damage, and now have 10/15 hp.
MASSIVE DAMAGE!! (PAUSE)
You hit the goblin.
You kill the goblin! 😮 HP[+1]
You see here a +0 dagger.
Unknown command.
Unknown command.
A quokka comes into view. 😎 HP[+4]
Your hp is fully restored (15).
Unknown command.
A quokka is nearby!
Unknown command.
A quokka is nearby!
Casting: Beastly Appendage (safe; 11% risk of failure)
Confirm with . or Enter, or press ? or * to list all spells.
You grow a pair of large bovine horns.
Your feet morph into talons.
The quokka barely misses you. The quokka barely misses you. 😎 MP[-1]
You lost 1 mp, and now have 2/3 mp.
You hit the quokka. Your kick misses the quokka.
Your headbutt misses the quokka. Your punch misses the quokka.
The quokka bites you.
You miss the quokka.
Your transformation is almost over.
The quokka bites you but does no damage.
The quokka closely misses you. 😕 HP[-3]
You take 3 damage, and now have 12/15 hp.
A quokka is nearby!
You hit the quokka.
You kill the quokka!
No target in view!
Your horns disappear.
Your talons disappear.
You see here a quokka corpse.
d - a fuming coppery potion 😎 HP[+3] MP[+1]
Your hp is fully restored (15).
Your mp is fully restored (3).
No target in view!
No target in view!
You pick up the Exposition on Cooperative Despicable Liturgies and begin reading...
You add the spells Call Imp, Dispel Undead and Necromutation to your library.
No target in view!
No target in view!
A gnoll comes into view. It is wielding a +0 spear.
The gnoll shouts!
You hear a shout!
You see here 11 gold pieces.
A gnoll is nearby!
A gnoll is nearby!
Okay, then.
Casting: Beastly Appendage (safe; 11% risk of failure)
Confirm with . or Enter, or press ? or * to list all spells.
You grow a pair of large bovine horns.
Your feet morph into talons. 😎 MP[-1]
You lost 1 mp, and now have 2/3 mp.
The gnoll barely misses you.
You hit the gnoll but do no damage.
Your transformation is almost over.
The gnoll barely misses you.
You hit the gnoll. The gnoll barely misses you.
You hit the gnoll but do no damage. Your kick misses the gnoll.
The gnoll barely misses you.
Unknown command.
You hit the gnoll.
The gnoll hits you with a +0 spear. 😮 HP[-4]
You take 4 damage, and now have 11/15 hp.
MASSIVE DAMAGE!! (PAUSE)
You hit the gnoll. The gnoll hits you with a +0 spear.
* * * LOW HITPOINT WARNING * * *
😨 HP[-4]
You take 4 damage, and now have 7/15 hp.
MASSIVE DAMAGE!! (PAUSE)
You hit the gnoll but do no damage. Your kick misses the gnoll.
The gnoll barely misses you.
You closely miss the gnoll. The gnoll hits you with a +0 spear.
* * * LOW HITPOINT WARNING * * *
😨 HP[-3]
You take 3 damage, and now have 4/15 hp.
You hit the gnoll but do no damage. You claw the gnoll.
Your headbutt misses the gnoll. The gnoll hits you with a +0 spear.
You die...

Action                   || total
-------------------------++-------
Melee: Unarmed           ||    14
       Kick              ||     2
 Cast: Beastly Appendage ||     3
Armor: Robe              ||     1
Dodge: Dodged            ||     9

Levels and vault maps discovered:
D:1:      lemuel_arrival_funnel, layout_loops_ring,
          hellmonk_ecumenical_altar_leap_of_faith, minmay_misc_feat_pillars

Notes
Turn   | Place    | Note
-------+----------+-------------------------------------------
     0 | D:1      | kae the Demonspawn Transmuter began the quest for the Orb.
     0 | D:1      | Reached XP level 1. HP: 15/15 MP: 3/3
     0 | D:1      | magus.rc [v1.11.3]
    92 | D:1      | You add the spells Call Imp, Dispel Undead and
                  | Necromutation to your library.
    92 | D:1      | Got the Exposition on Cooperative Despicable Liturgies
   113 | D:1      | Slain by a gnoll

Vanquished Creatures
  A goblin (D:1)
  A quokka (D:1)
  A rat (D:1)
3 creatures vanquished.

Table legend:
 A = Non-vault XP
 B = Vault XP
 C = Vault XP percentage of total XP
 D = Non-vault monster count
 E = Vault monster count
 F = Vault count percentage of total count
                 A         B        C        D         E       F
            +---------+---------+-------+---------+---------+-------
      Total |       5 |       0 |   0.0 |       3 |       0 |   0.0
            +---------+---------+-------+---------+---------+-------
        D:1 |       5 |       0 |   0.0 |       3 |       0 |   0.0
            +---------+---------+-------+---------+---------+-------

Illustrated notes

Table legend:
 A = Kills in this place as a percentage of kills in entire the game.
 B = Kills by you in this place as a percentage of kills by you in the entire game.
 C = Kills by friends in this place as a percentage of kills by friends in the entire game.
 D = Other kills in this place as a percentage of other kills in the entire game.
 E = Experience gained in this place as a percentage of experience gained in the entire game.
 F = Experience gained in this place divided by the number of levels of this place that you have seen.
                   A       B       C       D       E      F
               +-------+-------+-------+-------+-------+----------------------
         Total | 100.0 | 100.0 |   N/A |   N/A | 100.0 |   5.0
       Dungeon | 100.0 | 100.0 |   N/A |   N/A | 100.0 |   5.0
               +-------+-------+-------+-------+-------+----------------------

Table legend: (Time is in decaauts)
 A = Elapsed time spent in this place.
 B = Non-inter-level travel time spent in this place.
 C = Inter-level travel time spent in this place.
 D = Time resting spent in this place.
 E = Time spent auto-exploring this place.
 F = Levels seen in this place.
 G = Mean time per level.
                   A        B        C        D        E       F      G
               +--------+--------+--------+--------+--------+-----+--------+
         Total |    112 |    112 |      0 |      0 |     71 |   1 |  112.0 |
       Dungeon |    112 |    112 |      0 |      0 |     71 |   1 |  112.0 |
               +--------+--------+--------+--------+--------+-----+--------+

Top non-repeatable levels by time:
     D:1: 112 daAuts
